 Dungeon Crawl Stone Soup version 0.23-a0-329-g6f3f904 (webtiles) character file.

182 namelastname112 the Vandal (level 5, -1/45 HPs)
             Began as a Draconian Arcane Marksman on Oct 16, 2018.
             Slain by a gnoll
             ... wielding a +0 halberd
              (16 damage)
             ... on level 2 of the Dungeon.
             The game lasted 00:03:04 (1245 turns).

namelastname112 the Vandal (DrAM)                   Turns: 1245, Time: 00:03:05

Health: -1/45      AC:  5    Str: 13    XL:     5   Next: 35%
Magic:  6/6        EV: 13    Int: 13    God:
Gold:   32         SH:  0    Dex: 12    Spells: 5/6 levels left

rFire    . . .     SeeInvis .   a - +0 hunting sling
rCold    . . .     Gourm    .   (no shield)
rNeg     . . .     Faith    .   (armour unavailable)
rPois    .         Spirit   .   (helmet restricted)
rElec    .         Reflect  .   (no cloak)
rCorr    .         Harm     .   (no gloves)
MR       .....                  (no boots)
Stlth    +.........             (no amulet)
HPRegen  0.15/turn              (no ring)
MPRegen  0.10/turn              (no ring)

@: no status effects
A: unfitting armour, cold-blooded, AC +5
a: no special abilities


You were on level 2 of the Dungeon.
You were not hungry.

You visited 1 branch of the dungeon, and saw 2 of its levels.

You collected 32 gold pieces.

Inventory:

Hand Weapons
 a - a +0 hunting sling (weapon)
 b - a +0 whip of electrocution
Missiles
 c - 3 sling bullets (quivered)
Scrolls
 f - a scroll of magic mapping {unknown}
Potions
 g - a potion of resistance {unknown}
Comestibles
 d - 3 rations


   Skills:
 + Level 3.0 Fighting
 * Level 3.8 Slings
 + Level 2.9 Dodging
 - Level 1.0 Spellcasting
 - Level 2.6 Hexes


You had 5 spell levels left.
You knew the following spells:

 Your Spells              Type           Power        Failure   Level  Hunger
a - Corona                Hex            #......      10%         1    ##.....

Your spell library contained the following spells:

 Spells                   Type           Power        Failure   Level  Hunger
 Slow                     Hex            #.......     14%         2    ###....
 Inner Flame              Hex/Fire       #.......     43%         3    ####...
 Portal Projectile        Hex/Tloc       #.....       43%         3    ####...
 Cause Fear               Hex            #.........   67%         4    #####..
 Leda's Liquefaction      Hex/Erth       #.........   85%         4    #####..


Dungeon Overview and Level Annotations

Branches:
Dungeon (2/15)

Altars:
Elyvilon
Yredelemnul


Innate Abilities, Weirdness & Mutations

Your plain brown scales are hard. (AC +5)
You cannot fit into any form of body armour.
You are cold-blooded and may be slowed by cold attacks.


Message History

Firing (i - inventory)
c - 6 sling bullets (quivered)
Press: ? - help, Shift-Dir - straight line, f/p - gnoll
Aim: a gnoll, wielding a +0 halberd (almost dead)
You shoot a sling bullet.
The sling bullet hits the gnoll but does no damage.
The gnoll is almost dead.
The gnoll closely misses you.
Firing (i - inventory)
c - 5 sling bullets (quivered)
Press: ? - help, Shift-Dir - straight line, f/p - gnoll
Aim: a gnoll, wielding a +0 halberd (severely wounded)
You shoot a sling bullet.
The sling bullet closely misses the gnoll.
Firing (i - inventory)
c - 4 sling bullets (quivered)
Press: ? - help, Shift-Dir - straight line, f/p - gnoll
Aim: a gnoll, wielding a +0 halberd (severely wounded)
You shoot a sling bullet.
The sling bullet hits the gnoll but does no damage.
The gnoll is severely wounded.
The gnoll hits you from afar with a +0 halberd!
You die...

+.........##.#.#.
#.........##..#.⌠
##.......###.#(#.
######.....## ##.⌠.#
#.........## ##.((
#.######..# ##'' #
#..# #.)
#####.######..# ##)
.......@..##..# #<
#####.###g#...## #.
# #......########.
#.###.#...##)..(((..
#.........##.#####..
#####.##.###.####...
#....(.(#.......
####.###.#.##### #.#
##..#♣♣♣♣


You could see a gnoll.

Vanquished Creatures
  3 vampire bats (D:2)
  3 gnolls (D:2)
  A worm (D:2)
  A dart slug (D:2)
  4 bats
  A bat skeleton (D:2)
  5 bat zombies (D:2)
  A giant cockroach (D:2)
  5 goblins (D:1)
  4 hobgoblins
  A ball python (D:2)
  2 frilled lizards
  4 kobolds
  4 rats
39 creatures vanquished.

Notes
Turn   | Place    | Note
-------+----------+-------------------------------------------
     0 | D:1      | namelastname112 the Draconian Arcane Marksman began the
                  | quest for the Orb.
     0 | D:1      | Reached XP level 1. HP: 16/16 MP: 2/2
   262 | D:1      | Reached XP level 2. HP: 8/23 MP: 3/3
  1008 | D:2      | Reached XP level 3. HP: 29/29 MP: 4/4
  1052 | D:2      | Found a white marble altar of Elyvilon.
  1106 | D:2      | Found a basalt altar of Yredelemnul.
  1191 | D:2      | Reached XP level 4. HP: 35/37 MP: 5/5
  1206 | D:2      | Reached XP level 5. HP: 44/44 MP: 6/6
  1245 | D:2      | Slain by a gnoll

Vault maps used:
D:1:      psy_arrival_spokes
D:2:      kennysheep_ying_yang, kennysheep_vampire_church, first_ration

Skill      XL: |  1  2  3  4  5 |
---------------+----------------+-----
Slings         | 2 3 |  3.8
Dodging        | 2 |  2.9
Fighting       | 2 3 |  3.0
Spellcasting   | |  1.0
Hexes          | |  2.6

Action                   |  1- 3 |  4- 6 || total
-------------------------+-------+-------++-------
Melee: Dagger            |    14 |       ||    14
       Whip              |     7 |       ||     7
       Tailslap          |     1 |       ||     1
 Fire: Hunting sling     |    74 |    29 ||   103
  Eat: Ration            |     1 |       ||     1
Armor: Skin              |    23 |     8 ||    31
Dodge: Dodged            |    53 |    18 ||    71

Table legend:
 A = Non-vault XP
 B = Vault XP
 C = Vault XP percentage of total XP
 D = Non-vault monster count
 E = Vault monster count
 F = Vault count percentage of total count
                 A         B        C        D         E       F
            +---------+---------+-------+---------+---------+-------
      Total |      87 |     174 |  66.7 |      30 |       9 |  23.1
            +---------+---------+-------+---------+---------+-------
        D:1 |      26 |       0 |   0.0 |      18 |       0 |   0.0
        D:2 |      61 |     174 |  74.0 |      12 |       9 |  42.9
            +---------+---------+-------+---------+---------+-------
